 Dungeon Crawl Stone Soup version 0.29.0-4-gdea44cf6ec (webtiles) character file.

Game seed: 17687940780735644812

2188 qw the Cleaver (level 9, -6/56 HPs)
             Began as a Gargoyle Delver on Sept 10, 2022.
             Was a Follower of Okawaru.
             Mangled by a yak (10 damage)
             ... on level 8 of the Dungeon.
             The game lasted 00:02:46 (8937 turns).

qw the Cleaver (Gargoyle Delver)                    Turns: 8937, Time: 00:02:46

Health: -6/56      AC: 22    Str: 17    XL:     9   Next: 33%
Magic:  10/11      EV: 13    Int: 11    God:    Okawaru [*.....]
Gold:   646        SH:  0    Dex: 11    Spells: 8/8 levels left

rFire   x . .      SeeInvis .   s - +0 war axe
rCold   + + .      Faith    .   (no shield)
rNeg    + . .      Spirit   .   b - +1 ice dragon scales
rPois   inf        Reflect  .   (helmet restricted)
rElec   +          Harm     .   (no cloak)
rCorr   .          Rampage  .   (no gloves)
Will    ++...                   (no boots)
Stlth   +.........              (no amulet)
HPRegen 0.18/turn               q - ring "Noschic" {Fly Will++ EV+4 Str-3}
MPRegen 0.12/turn               k - +4 ring of protection

@: mighty, about to teleport, flying
A: sickness immunity, AC +6, negative energy resistance 1, electricity
resistance, torment resistance 1, petrification resistance, antennae 1,
MP-powered wands
a: Renounce Religion, Heroism


You were on level 8 of the Dungeon.
You worshipped Okawaru.
Okawaru was aware of your devotion.
You visited 2 branches of the dungeon, and saw 9 of its levels.

You collected 646 gold pieces.


Innate Abilities, Weirdness & Mutations

You are immune to sickness and miasma.
Your stone body is resilient. (AC +6)
You are immune to poison.
You resist negative energy. (rN+)
You are resistant to electric shocks. (rElec)
You are resistant to unholy torment.
You are immune to petrification.
You have a pair of small antennae on your head.
You expend magic power (3 MP) to strengthen your wands.


   Skills:
 + Level 6.4 Fighting
 - Level 9.0 Axes
 - Level 4.0 Armour
 - Level 1.5 Dodging
 - Level 5.4 Stealth
 + Level 3.7 Invocations


You had 8 spell levels left.
You didn't know any spells.
Your spell library was empty.

Inventory:

Hand Weapons
 i - a +3 hand axe of flaming
 s - a +0 war axe (weapon)
Armour
 b - +1 ice dragon scales (worn)
 e - a +0 chain mail
Jewellery
 k - a +4 ring of protection (right hand)
 q - the ring "Noschic" (left hand) {Fly Will++ EV+4 Str-3}
   (You acquired it on level 6 of the Dungeon)

   [ring of evasion]

   EV:        It affects your evasion (+4).
   Str:       It affects your strength (-3).
   Fly:       It grants you flight.
   Will:      It greatly increases your willpower.
 Y - a ring of ice
Wands
 g - a wand of digging (3)
Scrolls
 m - a scroll of identify
 n - a scroll of teleportation
Potions
 a - a potion of ambrosia {unknown}
 c - a potion of brilliance {unknown}
 d - a potion of might
 f - 2 potions of haste
 h - a potion of mutation
 j - 2 potions of curing
 l - a potion of resistance {unknown}
 o - a potion of invisibility {unknown}
 t - a potion of lignification {unknown}
 u - a potion of heal wounds {unknown}

Dungeon Overview and Level Annotations

Branches:
Dungeon (8/15)             Temple (1/1) D:5
   Lair: D:8-11

Altars:
Ashenzari
Cheibriados
Dithmenos
Elyvilon
Fedhas
Gozag
Hepliaklqana
Kikubaaqudgha
Makhleb
Nemelex Xobeh
Okawaru
Qazlal
Ru
Sif Muna
Trog
Uskayaw
Wu Jian
Xom
Yredelemnul
Zin
The Shining One

Annotations:
D:2 1 runed translucent door, Crazy Yiuf
D:7 1 runed translucent door, qw's ghost, novice MiBe


Message History

You slash the yak! You hit the yak. You barely miss the yak.
The yak misses you. The yak closely misses you.
The yak gores you but does no damage.
Your base Armour skill increases to level 4!
You hit the yak but do no damage.
The yak is heavily wounded.
You hit the yak. x2
You hit the yak.
The yak is severely wounded.
You slash the yak! x2
The yak gores you but does no damage. x2; The yak gores you.
You hit the yak but do no damage.
The yak is severely wounded.
You hit the yak. x3
The yak barely misses you.
The yak gores you but does no damage. x2
The yak misses you.
You slash the yak!
The yak is almost dead.
You hit the howler monkey. You barely miss the yak. You slash the yak!
You hit the yak.
The yak gores you. x3; The yak barely misses you.
The howler monkey closely misses you.
You barely miss the yak.
The yak is almost dead.
You closely miss the howler monkey. You hit the yak but do no damage.
You barely miss the yak. You hit the yak.
A howler monkey comes into view.
The howler monkey hits you but does no damage.
The yak gores you! The yak closely misses you. The yak gores you!
The yak gores you but does no damage.
8937 ||| READING 2 scrolls of teleportation.
As you read the scroll of teleportation, it crumbles to dust.
You feel strangely unstable.
You feel like a meek peon again.
The howler monkey howls!
The howler monkey hits you but does no damage.
The yak closely misses you.
The yak snorts and paws the ground.
The yak barely misses you. The yak gores you! x2
You die...

## #'#########...
##'#.h...%Yo.....
#.......h@Yo#
#$.....<.YY.#
#...........#
####+#..[####
#...# .....
##+#[.. ....
!....


You could see 4 yaks, 2 howler monkeys and 2 orcs.

Vanquished Creatures
  Grinder (D:3)
  2 yaks (D:8)
  2 water moccasins
  A black bear (D:7)
  2 ogres
  A centaur (D:7)
  A phantom (D:5)
  A kobold brigand (D:7)
  A bullfrog (D:8)
  2 necrophages
  4 scorpions
  An orc priest (D:8)
  3 hounds
  2 jellies
  Terence (D:3)
  3 iguanas
  Natasha (thrice) (D:2)
  An orc wizard (D:5)
  Robin (D:3)
  10 adders
  A white imp (D:6)
  3 dart slugs
  2 worms
  16 orcs
  5 ball pythons
  3 endoplasms
  2 giant cockroaches
  16 goblins
  5 hobgoblins
  2 jackals (D:4)
  3 kobolds
  A quokka (D:2)
  4 bats
  5 frilled lizards
  7 rats
  A spectral orc (D:6)
119 creatures vanquished.

Vanquished Creatures (others)
  2 fungi (D:3)
  A plant (D:3)
3 creatures vanquished.

Grand Total: 122 creatures vanquished

Notes
Turn   | Place    | Note
-------+----------+-------------------------------------------
     0 | D:5      | qw the Gargoyle Delver began the quest for the Orb.
     0 | D:5      | Reached XP level 1. HP: 14/14 MP: 1/1
     0 | D:5      | 0 ||| qw: Version: 0.1-a-116-g5d60599
     0 | D:5      | 0 ||| qw: Game counter: 9034
     0 | D:5      | 0 ||| qw: Always use a shield: true
     0 | D:5      | 0 ||| qw: God list: Okawaru
     0 | D:5      | 0 ||| qw: Allow faded altars: false
     0 | D:5      | 0 ||| qw: Do Orc after D:15 true
     0 | D:5      | 0 ||| qw: Do second Lair branch before Depths: true
     0 | D:5      | 0 ||| qw: Lair rune preference: random
     0 | D:5      | 0 ||| qw: Plans: Normal
     0 | D:5      | 0 ||| PLANNING D:1-11
    44 | D:5      | 44 ||| DROPPING scroll of fog.
    45 | D:5      | 45 ||| DROPPING scroll of magic mapping.
    46 | D:5      | 46 ||| DROPPING scroll of fear.
    72 | D:4      | Reached skill level 2 in Axes
   367 | D:3      | Reached XP level 2. HP: 10/19 MP: 2/2
   581 | D:3      | 581 ||| Stepping ~*~*~tactically~*~*~ (hiding).
   683 | D:3      | 683 ||| Stepping ~*~*~tactically~*~*~ (hiding).
   785 | D:3      | 785 ||| Stepping ~*~*~tactically~*~*~ (hiding).
   887 | D:3      | 887 ||| Stepping ~*~*~tactically~*~*~ (hiding).
   989 | D:3      | 989 ||| Stepping ~*~*~tactically~*~*~ (hiding).
  1091 | D:3      | 1091 ||| Stepping ~*~*~tactically~*~*~ (hiding).
  1193 | D:3      | 1193 ||| Stepping ~*~*~tactically~*~*~ (hiding).
  1295 | D:3      | 1295 ||| Stepping ~*~*~tactically~*~*~ (hiding).
  1397 | D:3      | 1397 ||| Stepping ~*~*~tactically~*~*~ (hiding).
  1499 | D:3      | 1499 ||| Stepping ~*~*~tactically~*~*~ (hiding).
  1502 | D:3      | 1502 ||| Stepping ~*~*~tactically~*~*~ (hiding).
  1503 | D:3      | 1503 ||| Stepping ~*~*~tactically~*~*~ (hiding).
  1583 | D:3      | 1583 ||| UPGRADING to +0 ring mail.
  1593 | D:3      | 1593 ||| DROPPING +0 leather armour.
  1594 | D:3      | 1594 ||| READING scroll labelled OTTU UPPEA.
  1595 | D:3      | 1595 ||| READING scroll labelled IGGAKI DUXUTAU.
  1615 | D:2      | 1615 ||| Stepping ~*~*~tactically~*~*~ (stealth).
  1616 | D:2      | 1616 ||| Stepping ~*~*~tactically~*~*~ (stealth).
  1618 | D:2      | 1618 ||| Stepping ~*~*~tactically~*~*~ (stealth).
  1622 | D:2      | 1622 ||| Stepping ~*~*~tactically~*~*~ (stealth).
  1623 | D:2      | 1623 ||| Stepping ~*~*~tactically~*~*~ (stealth).
  1626 | D:2      | 1626 ||| Stepping ~*~*~tactically~*~*~ (stealth).
  1634 | D:2      | Reached skill level 3 in Axes
  1662 | D:2      | Reached skill level 1 in Armour
  1662 | D:2      | Reached XP level 3. HP: 19/23 MP: 3/3
  1822 | D:2      | Noticed Natasha
  1823 | D:2      | 1823 ||| Stepping ~*~*~tactically~*~*~ (hiding).
  1932 | D:2      | Killed Natasha
  1968 | D:2      | Reached XP level 4. HP: 18/28 MP: 4/4
  2070 | D:2      | 2070 ||| UPGRADING to +0 chain mail.
  2080 | D:2      | 2080 ||| DROPPING +0 ring mail.
  2081 | D:2      | 2081 ||| READING scroll labelled WAH TAGGYUSUBBETUX.
  2522 | D:1      | 2522 ||| Stepping ~*~*~tactically~*~*~ (hiding).
  2896 | D:1      | 2896 ||| UPGRADING to +0 ice dragon scales.
  2906 | D:1      | 2906 ||| READING scroll labelled BUGAWK MY CEC.
  2909 | D:1      | 2909 ||| READING scroll labelled KIGHUI IJOE.
  3089 | D:2      | You fall into a shaft and drop 2 floors!
  3094 | D:4      | 3094 ||| READING scroll labelled ZUB ANUICZANT.
  3123 | D:3      | Noticed Grinder
  3124 | D:3      | 3124 ||| Stepping ~*~*~tactically~*~*~ (hiding).
  3125 | D:3      | 3125 ||| Stepping ~*~*~tactically~*~*~ (hiding).
  3126 | D:3      | 3126 ||| Stepping ~*~*~tactically~*~*~ (hiding).
  3132 | D:3      | 3132 ||| Stepping ~*~*~tactically~*~*~ (hiding).
  3148 | D:3      | Paralysed by Grinder for 2 turns
  3164 | D:3      | Paralysed by Grinder for 2 turns
  3187 | D:3      | Killed Grinder
  3188 | D:3      | Reached skill level 5 in Axes
  3188 | D:3      | Reached XP level 5. HP: 15/32 MP: 5/5
  3188 | D:3      | Reached XP level 6. HP: 18/37 MP: 6/6
  3396 | D:2      | Noticed Natasha
  3398 | D:2      | 3398 ||| Stepping ~*~*~tactically~*~*~ (stealth).
  3410 | D:2      | Killed Natasha
  3430 | D:2      | Noticed Natasha
  3441 | D:2      | Killed Natasha
  3605 | D:2      | Found a runed translucent door.
  3606 | D:2      | Noticed Crazy Yiuf
  3717 | D:3      | Found a faded altar of an unknown god.
  3778 | D:3      | Noticed Terence
  3797 | D:3      | Killed Terence
  3807 | D:3      | 3807 ||| FLEEEEING.
  3860 | D:3      | 3860 ||| Stepping ~*~*~tactically~*~*~ (hiding).
  3910 | D:3      | 3910 ||| Stepping ~*~*~tactically~*~*~ (stealth).
  3911 | D:3      | 3911 ||| READING scroll of enchant armour.
  3911 | D:3      | 3911 ||| ENCHANTING +0 ice dragon scales.
  3912 | D:3      | 3912 ||| Stepping ~*~*~tactically~*~*~ (stealth).
  3913 | D:3      | 3913 ||| Stepping ~*~*~tactically~*~*~ (stealth).
  3927 | D:3      | 3927 ||| READING scroll of teleportation.
  4135 | D:3      | 4135 ||| Stepping randomly (stuck).
  4137 | D:3      | 4137 ||| Stepping randomly (stuck).
  4140 | D:3      | Noticed Robin
  4165 | D:3      | Killed Robin
  4501 | D:3      | 4501 ||| UPGRADING to +0 helmet.
  4597 | D:4      | HP: 7/38 [iguana (11)]
  4599 | D:4      | HP: 2/38 [iguana (5)]
  4601 | D:4      | Reached skill level 6 in Axes
  4601 | D:4      | Reached XP level 7. HP: 2/43 MP: 7/7
  4889 | D:4      | 4889 ||| READING scroll of enchant armour.
  4889 | D:4      | 4889 ||| ENCHANTING +0 helmet.
  5187 | D:4      | 5187 ||| UPGRADING to +4 ring of protection.
  5188 | D:4      | 5188 ||| UPGRADING to ring of ice.
  5189 | D:4      | 5189 ||| DROPPING ring of magical power.
  5190 | D:4      | 5190 ||| DRINKING 2 dark potions.
  5190 | D:4      | Gained mutation: You have a pair of small antennae on your
                  | head. [potion of mutation]
  5190 | D:4      | Gained mutation: You expend magic power (3 MP) to
                  | strengthen your wands. [potion of mutation]
  5191 | D:4      | 5191 ||| DROPPING +1 helmet.
  5338 | D:5      | Found an opulent altar of Gozag.
  5338 | D:5      | Found a glowing silver altar of Zin.
  5398 | D:5      | Reached skill level 3 in Armour
  5405 | D:5      | 5405 ||| Stepping ~*~*~tactically~*~*~ (stealth).
  5422 | D:5      | 5422 ||| Stepping ~*~*~tactically~*~*~ (stealth).
  5469 | D:5      | 5469 ||| Stepping ~*~*~tactically~*~*~ (stealth).
  5686 | D:5      | Found a staircase to the Ecumenical Temple.
  5794 | D:5      | 5794 ||| Stepping ~*~*~tactically~*~*~ (stealth).
  5795 | D:5      | 5795 ||| Stepping ~*~*~tactically~*~*~ (stealth).
  5875 | D:5      | 5875 ||| Stepping ~*~*~tactically~*~*~ (stealth).
  6093 | D:5      | Reached skill level 7 in Axes
  6164 | D:5      | 6164 ||| SWAPPING to +3 hand axe of flaming.
  6165 | D:5      | 6165 ||| DROPPING +0 flail.
  6166 | D:5      | 6166 ||| DROPPING +0 hand axe.
  6295 | D:5      | Reached XP level 8. HP: 34/48 MP: 8/8
  6475 | D:5      | 6475 ||| PLANNING TEMPLE
  6475 | D:5      | 6475 ||| READING scroll labelled MOPYTE FEODOSCH.
  6479 | Temple   | Entered the Ecumenical Temple
  6613 | Temple   | 6613 ||| PLANNING D:1-11
  6629 | Temple   | Became a worshipper of Warmaster Okawaru
  6685 | D:6      | 6685 ||| Stepping ~*~*~tactically~*~*~ (hiding).
  6686 | D:6      | 6686 ||| Stepping ~*~*~tactically~*~*~ (hiding).
  7552 | D:6      | Reached skill level 8 in Axes
  7761 | D:6      | Found a basalt altar of Yredelemnul.
  7912 | D:6      | 7912 ||| READING scroll labelled SAIVOU UGEOWO.
  7912 | D:6      | Identified a scroll of acquirement
  7912 | D:6      | 7912 ||| ACQUIRING ring "Noschic" {Fly Will++ EV+4 Str-3}
  7912 | D:6      | Acquired the ring "Noschic" {Fly Will++ EV+4 Str-3}
  7914 | D:6      | 7914 ||| UPGRADING to ring "Noschic" {Fly Will++ EV+4
                  | Str-3}.
  7916 | D:6      | 7916 ||| DROPPING ring of positive energy.
  7917 | D:6      | 7917 ||| UPGRADING to +4 ring of protection.
  7919 | D:6      | 7919 ||| DRINKING 2 fuming white potions.
  7920 | D:6      | 7920 ||| DROPPING potion of attraction.
  7965 | D:7      | Reached skill level 6 in Fighting
  8196 | D:7      | 8196 ||| Stepping ~*~*~tactically~*~*~ (stealth).
  8198 | D:7      | 8198 ||| Stepping ~*~*~tactically~*~*~ (stealth).
  8201 | D:7      | 8201 ||| Stepping ~*~*~tactically~*~*~ (stealth).
  8206 | D:7      | Reached * piety under Okawaru
  8259 | D:7      | 8259 ||| SWAPPING to +0 war axe.
  8292 | D:7      | 8292 ||| Stepping ~*~*~tactically~*~*~ (stealth).
  8293 | D:7      | 8293 ||| Stepping ~*~*~tactically~*~*~ (stealth).
  8295 | D:7      | 8295 ||| Stepping ~*~*~tactically~*~*~ (stealth).
  8313 | D:7      | Reached skill level 1 in Invocations
  8313 | D:7      | Reached XP level 9. HP: 55/56 MP: 9/9
  8554 | D:7      | 8554 ||| Stepping ~*~*~tactically~*~*~ (hiding).
  8656 | D:7      | 8656 ||| Stepping ~*~*~tactically~*~*~ (hiding).
  8657 | D:7      | 8657 ||| Stepping ~*~*~tactically~*~*~ (hiding).
  8659 | D:7      | 8659 ||| Stepping ~*~*~tactically~*~*~ (hiding).
  8663 | D:7      | 8663 ||| Stepping ~*~*~tactically~*~*~ (hiding).
  8737 | D:7      | Found a runed translucent door.
  8737 | D:7      | Noticed qw's ghost (novice MiBe)
  8903 | D:7      | 8903 ||| DROPPING ring of resist corrosion.
  8904 | D:7      | 8904 ||| DRINKING 2 smoky grey potions.
  8905 | D:7      | 8905 ||| DROPPING scroll of immolation.
  8918 | D:8      | 8918 ||| INVOKING Heroism.
  8931 | D:8      | Reached skill level 9 in Axes
  8931 | D:8      | Reached skill level 3 in Invocations
  8936 | D:8      | HP: 14/56 [yak (8)]
  8937 | D:8      | 8937 ||| READING 2 scrolls of teleportation.
  8937 | D:8      | HP: 4/56 [yak (10)]
  8937 | D:8      | Mangled by a yak

Levels and vault maps discovered:
D:1:      dpeg_arrival_rooms_a, layout_basic
D:2:      layout_rooms, minmay_diced_spiral, uniq_crazy_yiuf_cottage,
          uniq_natasha
D:3:      layout_basic, dreamdust_ecumenical_altar_grove, kennysheep_nub,
          minmay_hedge_maze, chequers_garden, kennysheep_potato, uniq_grinder,
          uniq_terence, uniq_robin
D:4:      layout_rooms
D:5:      layout_loops_ring, grunt_temple_overflow_gold_and_silver,
          temple_doors_e
D:6:      layout_layer_cave, yredelemnul_forgotten_temple_becter,
          grunt_decor_arrowhead
D:7:      layout_basic, ebering_ghost_inner_flame
D:8:      layout_basic, vehumet_crystals, gammafunk_ghost_spectres,
          eino_small_chamber_without_monster
Temple:   regret_index_temple_mists

Skill      XL: |  1  2  3  4  5  6  7  8  9 |
---------------+----------------------------+-----
Axes           | 2 3 5 6 7 8 9 |  9.0
Armour         | 1 2 3 4 |  4.0
Fighting       | 4 6 |  6.4
Invocations    | 1 3 |  3.7
Dodging        | |  1.5
Stealth        | |  5.4

Action                   |  1- 3 |  4- 6 |  7- 9 || total
-------------------------+-------+-------+-------++-------
Melee: Hand axe          |    55 |   168 |   222 ||   445
       Punch             |       |     2 |     5 ||     7
       War axe           |       |       |    50 ||    50
Throw: Boomerang         |       |    25 |       ||    25
Invok: Heroism           |       |       |     1 ||     1
  Use: Scroll            |     2 |     6 |     4 ||    12
       Potion            |       |       |     3 ||     3
 Stab: Sleeping          |     1 |       |       ||     1
       Distracted        |     1 |       |       ||     1
Armor: Leather armour    |     6 |       |       ||     6
       Ring mail         |     8 |       |       ||     8
       Chain mail        |       |    31 |       ||    31
       Ice dragon scales |       |    78 |   157 ||   235
Dodge: Dodged            |    40 |    81 |   156 ||   277

Table legend:
 A = Non-vault XP
 B = Vault XP
 C = Vault XP percentage of total XP
 D = Non-vault monster count
 E = Vault monster count
 F = Vault count percentage of total count
                 A         B        C        D         E       F
            +---------+---------+-------+---------+---------+-------
      Total |    2760 |     367 |  11.7 |     101 |      18 |  15.1
            +---------+---------+-------+---------+---------+-------
        D:1 |      25 |       0 |   0.0 |      16 |       0 |   0.0
        D:2 |     101 |      35 |  25.7 |      12 |       1 |   7.7
        D:3 |      66 |     331 |  83.4 |      19 |      16 |  45.7
        D:4 |      81 |       0 |   0.0 |      11 |       0 |   0.0
        D:5 |     602 |       0 |   0.0 |      17 |       0 |   0.0
        D:6 |     610 |       1 |   0.2 |      10 |       1 |   9.1
        D:7 |     713 |       0 |   0.0 |      11 |       0 |   0.0
        D:8 |     562 |       0 |   0.0 |       5 |       0 |   0.0
            +---------+---------+-------+---------+---------+-------
